Map: Frozen Temple

Players

Maverick - Winner!

  • Race: Terran Terran
  • League: Platinum

Feawar

  • Race: Zerg Zerg
  • League: Diamond

VOD

Have the link to the VOD?

Description

Time

  • Played on: Aug. 11, 2016, 6:07 p.m.
  • Length: 22:08
Show
View Real Time Build Order
Export as new Build Order

Maverick Terran - Winner!

Build Orders: Reaper Expand, Hellion Banshee, MMM Bio 

Get SALT Encoding   

  12  0:00  SCV  
  13  0:12  SCV  
  14  0:18  Supply Depot  
  14  0:25  SCV  
  15  0:30  Refinery  
  15  0:40  SCV  
  16  0:46  Barracks  
  16  0:52  SCV  
  17  1:04  SCV  
  18  1:16  SCV  
  19  1:32  Orbital Command  
  19  1:33  Reaper  
  20  1:43  Command Center  
  20  1:56  Supply Depot  
  20  2:00  SCV  
  21  2:05  Factory  
  21  2:11  Barracks Reactor  
  21  2:15  SCV  
  22  2:17  Refinery  
  22  2:27  SCV  
  23  2:54  Starport  
  23  2:59  Barracks Tech Lab  
  23  3:00  Orbital Command  
  23  3:02  SCV  
  24  3:12  Hellion x2  
  28  3:14  SCV  
  29  3:25  Barracks Tech Lab  
  29  3:26  SCV  
  30  3:27  SCV  
  30  3:30  Supply Depot  
  31  3:38  SCV  
  32  3:45  Hellion  
  32  3:46  Hellion  
  32  3:47  Cloaking Field  
  32  3:48  Banshee  
  39  3:50  Stimpack, SCV  
  39  3:54  Supply Depot  
  40  3:56  Supply Depot  
  40  3:59  Bunker  
  40  4:01  Marine  
  41  4:07  Hellion  
  41  4:08  Hellion  
  41  4:09  SCV  
  46  4:19  Marine  
  46  4:22  SCV  
  46  4:23  SCV  
  49  4:29  Supply Depot  
  49  4:34  SCV  
  49  4:35  SCV  
  49  4:37  Marine  
  52  4:41  Banshee  
  52  4:52  SCV x2  
  52  4:54  Marine  
  53  5:01  Factory Reactor  
  53  5:04  SCV x2  
  55  5:12  Marine  
  56  5:16  SCV  
  49  5:30  Marine, Barracks, SCV x2  
  49  5:48  Marine  
  50  5:52  Siege Tank, Medivac x2  
  50  5:56  Refinery  
  54  5:57  Refinery  
  54  5:58  Combat Shields  
  54  6:06  Marauder  
  54  6:10  Barracks x2  
  57  6:11  SCV x2, Barracks  
  57  6:12  Engineering Bay  
  57  6:13  Barracks  
  57  6:14  Barracks  
  57  6:15  Command Center  
  58  6:23  SCV x2  
  60  6:27  Siege Tank  
  60  6:29  Marine  
  60  6:31  Marine, Marauder  
  67  6:36  Supply Depot  
  67  6:38  Engineering Bay  
  67  6:39  Supply Depot  
  67  6:40  Terran Infantry Weapons Level 1  
  67  6:47  Barracks  
  67  6:49  Marine  
  67  6:53  Marauder  
  70  6:58  SCV  
  71  7:03  Barracks Reactor x2  
  71  7:04  Barracks Reactor, Barracks Tech Lab  
  71  7:05  Barracks Reactor  
  71  7:06  Terran Infantry Armor Level 1  
  71  7:09  SCV  
  71  7:10  SCV  
  73  7:16  Marine x2  
  73  7:17  Marauder  
  77  7:27  Marine, Medivac x2  
  82  7:31  Orbital Command  
  82  7:36  Barracks Reactor  
  82  7:38  Marauder  
  82  7:41  Marine x2  
  86  7:45  Marine  
  86  7:46  Marauder, Marine  
  90  7:53  Orbital Command  
  90  8:00  Marauder  
  90  8:01  Concussive Shells  
  90  8:03  Marine  
  90  8:04  Marine  
  94  8:07  Marauder  
  94  8:08  Marine  
  94  8:09  Marine x3  
  94  8:19  Missile Turret  
  87  8:21  Missile Turret, Marauder  
  87  8:24  Marine x2  
  89  8:28  Marauder  
  89  8:30  Missile Turret  
  89  8:32  Marine x2, Armory  
  93  8:35  SCV  
  94  8:42  Marauder  
  94  8:44  Marine x3  
  99  8:50  Marauder  
  99  8:54  Missile Turret  
  101  9:05  SCV  
  101  9:14  Bunker  
  101  9:18  Supply Depot  
  101  9:19  Supply Depot  
  101  9:20  Terran Infantry Weapons Level 2, Terran Infantry Armor Level 2  
  101  9:22  Supply Depot, Terran Ship Weapons Level 1  
  101  9:23  Liberator x2  
  101  9:25  Missile Turret  
  101  9:39  Marine x3  
  101  9:40  Supply Depot, SCV x3, Marauder  
  101  9:41  Marauder  
  101  9:43  Marine, Drilling Claws, Widow Mine  
  101  9:45  Supply Depot x2  
  120  9:46  Supply Depot  
  120  9:48  Supply Depot  
  120  9:49  Refinery  
  120  9:52  SCV x3  
  123  9:57  Refinery  
  123  10:01  Marauder  
  123  10:02  Marauder  
  123  10:04  SCV  
  123  10:06  SCV x2, Liberator x2  
  130  10:11  Widow Mine  
  132  10:16  SCV  
  132  10:18  SCV x2  
  135  10:27  Fusion Core  
  135  10:28  Starport  
  141  10:31  Missile Turret, Marine  
  141  10:32  Marine x7  
  141  10:33  Marine  
  150  10:40  Widow Mine  
  152  10:54  Marine x13  
  165  11:01  Marine  
  165  11:03  Supply Depot  
  166  11:05  Supply Depot  
  166  11:06  Medivac x2  
  166  11:08  Widow Mine  
  166  11:10  Starport Tech Lab  
  172  11:11  Marine  
  172  11:12  Marine  
  172  11:17  Command Center  
  174  11:19  Liberator x2  
  174  11:20  Liberator  
  174  11:35  Marine x4  
  174  11:37  Advanced Ballistics, Widow Mine  
  189  11:56  Missile Turret  
  189  11:58  Missile Turret  
  189  12:02  Liberator x2  
  189  12:05  Widow Mine  
  197  12:28  Medivac  
  199  12:30  Terran Infantry Armor Level 3, Terran Infantry Weapons Level 3  
  199  12:33  Terran Ship Weapons Level 2  
  199  12:56  High Capacity Fuel Tanks  
  199  13:05  Refinery  
  199  13:11  Refinery  
  199  13:12  Missile Turret  
  199  13:15  Bunker  
  199  13:19  Missile Turret  
  199  13:20  Missile Turret  
  173  13:47  Marine x2, Marauder  
  173  13:48  Marauder  
  176  13:51  Liberator  
  176  13:52  Liberator x2  
  176  13:59  Planetary Fortress  
  176  14:09  Marauder x2  
  176  14:34  Liberator x2  
  176  14:35  Liberator  
  176  14:38  Marine x2  
  165  14:39  Marauder x2  
  165  14:43  Marine  
  165  14:44  Marine  
  165  14:45  Marine  
  154  15:00  Marauder x2  
  154  15:02  Marine  
  154  15:03  Marine x6  
  161  15:09  Marine  
  160  15:17  Liberator  
  160  15:20  Marine  
  161  15:21  Marine, Marauder x2  
  166  15:34  Medivac x2  
  173  15:43  Marauder x2  
  173  15:47  Liberator  
  172  16:04  Marauder x2, Medivac  
  172  16:11  Marine x2  
  180  16:17  Liberator, Medivac  
  183  16:25  Marine x3  
  185  16:26  Marauder x2  
  185  16:30  Liberator  
  194  16:47  Marauder x2, Liberator  
  194  16:53  Marine  
  193  16:57  Marine  
  193  16:58  Marine x2  
  193  17:00  Marine  
  153  17:17  Marine x2, Medivac  
  153  17:18  Marauder x2, Marine x3  
  128  17:27  Marine  
  128  17:28  Marine x6  
  122  17:30  Liberator x2, Medivac  
  122  17:35  Marine x3  
  122  17:36  Marine x2  
  127  17:39  Marauder x2  
  127  17:43  Liberator  
  131  17:45  Marine x2  
  131  17:46  Marine x5, Orbital Command  
  144  17:52  Marine  
  144  17:53  Marine x2  
  144  17:54  Marine x2  
  149  18:00  Marauder x2, Building Armor, Hi-Sec Auto Tracking  
  149  18:03  Marine x2  
  158  18:07  Terran Ship Weapons Level 3  
  158  18:13  Liberator  
  158  18:22  Marauder x2  
  158  18:26  Refinery  
  162  18:29  Missile Turret  
  162  18:30  Refinery, Medivac  
  162  18:31  Missile Turret  
  162  18:32  Missile Turret  
  162  18:33  Bunker x3  
  167  18:42  Marine x2  
  167  18:43  Marauder x2, Medivac, Liberator  
  167  18:44  Marine  
  167  18:45  Marine  
  167  18:46  Marine x8, Orbital Command  
  185  18:52  Missile Turret  
  185  18:55  Liberator  
  185  19:00  Marine  
  189  19:04  Marauder  
  189  19:05  Marauder  
  193  19:13  Medivac  
  193  19:15  Marine x2  
  153  20:36  Marine  
  153  20:37  Marine  
  153  20:38  Marauder x2, Marine  
  152  21:22  Marine  
  153  21:30  Marine  
  153  21:31  Marine, Marauder x2  
Show
View Real Time Build Order
Export as new Build Order

Feawar Zerg 

Build Orders: Hatch First, Muta Ling Bane 

Get SALT Encoding   

  12  0:01  Drone  
  13  0:10  Drone  
  14  0:17  Overlord  
  14  0:36  Drone x3  
  17  0:53  Hatchery  
  16  0:58  Drone  
  16  1:02  Extractor, Drone  
  17  1:16  Spawning Pool  
  16  1:20  Drone  
  16  1:22  Drone  
  18  1:30  Drone  
  19  1:40  Overlord  
  19  2:02  Queen  
  19  2:05  Queen, Zergling x4  
  19  2:07  Drone  
  26  2:15  Drone  
  27  2:16  Drone  
  28  2:25  Drone  
  28  2:27  Drone  
  30  2:39  Drone x2  
  32  2:49  Queen  
  34  2:58  Drone x2  
  36  3:00  Overlord  
  36  3:19  Metabolic Boost  
  36  3:22  Hatchery, Drone  
  36  3:23  Drone x6  
  36  3:24  Drone  
  43  3:34  Overlord  
  43  3:38  Zergling x2  
  43  3:43  Queen  
  44  3:50  Spine Crawler  
  44  3:51  Queen  
  45  4:00  Roach Warren  
  45  4:01  Drone  
  45  4:03  Drone  
  45  4:07  Drone x3  
  45  4:08  Extractor  
  48  4:22  Spore Crawler  
  47  4:26  Spore Crawler x2  
  47  4:27  Lair  
  45  4:32  Zergling x2  
  45  4:33  Zergling x8  
  45  4:36  Zergling x4  
  51  4:44  Zergling x2  
  51  4:45  Zergling x6  
  55  4:50  Queen  
  57  4:56  Burrow  
  57  4:58  Baneling Nest, Drone  
  57  4:59  Drone  
  58  5:01  Overlord  
  58  5:02  Overlord  
  55  5:23  Drone  
  54  5:29  Queen  
  54  5:31  Overseer  
  54  5:32  Drone x2  
  54  5:33  Drone x6  
  54  5:34  Drone  
  65  5:37  Extractor  
  64  5:43  Spire  
  64  5:47  Drone x2  
  64  5:48  Evolution Chamber  
  64  6:04  Queen  
  66  6:17  Drone x3  
  66  6:18  Drone x2  
  71  6:21  Drone  
  71  6:22  Extractor  
  71  6:23  Queen, Drone  
  74  6:26  Baneling x4, Hatchery  
  73  6:56  Drone  
  73  6:58  Overlord x4  
  73  6:59  Spore Crawler  
  73  7:02  Zerg Melee Weapons Level 1  
  73  7:03  Centrifical Hooks  
  73  7:04  Evolution Chamber  
  73  7:07  Drone x2  
  74  7:11  Evolution Chamber  
  74  7:15  Extractor  
  72  7:16  Spine Crawler, Extractor  
  72  7:17  Drone x5  
  72  7:18  Overlord, Spine Crawler, Drone  
  72  7:19  Mutalisk, Spine Crawler  
  76  7:35  Zerg Ground Armor Level 1  
  76  7:37  Zerg Flyer Weapons Level 1  
  76  7:38  Mutalisk x3  
  76  7:40  Mutalisk  
  76  7:43  Overseer  
  84  7:50  Queen  
  84  7:51  Drone x3  
  88  7:56  Drone x3  
  92  8:02  Zergling x6  
  92  8:09  Mutalisk x2  
  92  8:10  Zergling x2  
  92  8:11  Zergling x2  
  87  8:17  Drone  
  87  8:18  Drone  
  89  8:25  Overlord x2  
  89  8:26  Drone x2  
  92  8:27  Drone x2  
  92  8:31  Overseer  
  93  8:54  Zergling x4  
  95  8:57  Queen, Extractor, Drone x3  
  99  9:06  Zergling x2  
  99  9:08  Zergling x12  
  99  9:09  Zergling x4  
  96  9:12  Mutalisk x3  
  96  9:15  Infestation Pit  
  96  9:16  Zergling x4, Drone  
  105  9:17  Zergling x4  
  105  9:18  Zergling x2  
  105  9:20  Zergling x2  
  108  9:38  Spine Crawler, Spore Crawler  
  108  9:39  Zergling x2  
  108  9:40  Zergling x2  
  108  9:41  Baneling x5  
  108  9:42  Baneling x3  
  108  9:51  Zergling x2  
  108  9:52  Zergling x4  
  111  9:54  Pneumatized Carapace  
  111  10:11  Drone x4  
  111  10:13  Hive  
  115  10:14  Zergling x4  
  115  10:15  Zerg Ground Armor Level 2  
  115  10:17  Zerg Melee Weapons Level 2, Mutalisk  
  115  10:18  Mutalisk x4  
  115  10:19  Overlord x3  
  115  10:20  Overlord x3  
  115  10:21  Overlord x2  
  127  10:26  Drone  
  128  10:30  Overlord  
  128  10:41  Mutalisk x3  
  128  10:42  Mutalisk x2  
  138  10:43  Zergling x4  
  138  10:46  Extractor  
  139  10:51  Extractor  
  139  10:54  Drone x2  
  140  11:05  Hatchery  
  139  11:14  Baneling x2  
  139  11:15  Baneling x2, Mutalisk x3  
  145  11:18  Drone x2  
  145  11:19  Drone x3  
  149  11:47  Hatchery  
  148  11:58  Adrenal Glands  
  148  12:00  Zerg Flyer Weapons Level 2, Ultralisk Cavern  
  147  12:02  Drone x3  
  150  12:19  Zergling x4  
  152  12:26  Baneling x5  
  152  12:27  Baneling x2  
  152  12:48  Chitinous Plating  
  152  12:50  Ultralisk x5  
  182  12:53  Overlord  
  182  12:58  Extractor  
  182  12:59  Extractor  
  180  13:22  Zergling x2  
  180  13:23  Zergling x2, Ultralisk x2  
  139  13:36  Zergling x4  
  139  13:37  Zergling x10  
  139  13:38  Zergling x2  
  136  13:43  Corruptor x4  
  136  13:48  Zergling x4  
  138  13:49  Baneling x4, Overlord, Corruptor x2  
  138  13:50  Corruptor  
  138  13:51  Zergling x8  
  138  13:52  Zergling x6  
  138  13:53  Zergling x8  
  155  13:55  Zergling x2  
  155  14:02  Zergling x2, Corruptor x2  
  152  14:04  Baneling x2  
  152  14:05  Baneling x3  
  152  14:09  Corruptor  
  153  14:10  Corruptor  
  155  14:23  Zergling x2  
  155  14:24  Zergling x6  
  132  14:35  Zergling x4  
  132  14:37  Zergling x2  
  132  14:38  Zergling x2  
  135  14:44  Zergling x4  
  135  14:45  Zergling x6  
  137  14:46  Ultralisk  
  137  14:47  Zergling x6  
  137  15:01  Zergling x6  
  130  15:07  Zergling x2  
  130  15:08  Zergling x2  
  130  15:09  Zergling x6  
  130  15:13  Corruptor x2  
  138  15:25  Baneling x5  
  138  15:27  Overseer  
  138  15:28  Corruptor  
  138  15:29  Corruptor x2  
  138  15:31  Ultralisk  
  138  15:32  Hatchery  
  138  15:34  Zergling x8  
  153  15:43  Zergling x4  
  155  15:51  Corruptor x4  
  155  15:55  Baneling x3  
  155  15:56  Baneling x2  
  159  15:57  Overseer  
  159  15:58  Overseer  
  155  16:19  Corruptor x3  
  155  16:20  Zergling x2  
  155  16:21  Zergling x2  
  158  16:35  Greater Spire  
  158  16:39  Zergling x4  
  159  16:40  Zergling x6  
  159  16:41  Zergling x2  
  159  16:42  Zergling x4  
  159  16:43  Zergling x4  
  159  16:44  Zergling x2  
  150  16:55  Corruptor x2  
  150  16:56  Overlord  
  150  16:59  Zergling x4  
  146  17:03  Baneling x3  
  146  17:04  Baneling  
  117  17:16  Zergling x8  
  117  17:17  Zergling x6  
  106  17:28  Zergling x4  
  106  17:29  Zergling x6  
  105  17:38  Baneling  
  105  17:39  Baneling x3  
  105  17:40  Overseer x3  
  103  17:58  Baneling x2  
  103  18:04  Drone x3  
  106  18:10  Spine Crawler, Extractor  
  106  18:11  Extractor  
  106  18:12  Spine Crawler  
  102  18:13  Brood Lord x2  
  102  18:14  Brood Lord x2  
  102  18:19  Zergling x4  
  112  18:30  Zergling x2  
  112  18:31  Zergling x8  
  112  18:33  Zergling x2  
  118  18:42  Corruptor  
  118  18:43  Corruptor  
  118  18:47  Zergling x2  
  118  18:48  Zergling x4  
  125  18:51  Overseer  
  124  19:02  Corruptor  
  124  19:03  Corruptor  
  124  19:04  Zergling x4  
  124  19:05  Baneling x2  
  130  19:19  Zergling x6  
  133  19:25  Drone x2  
  133  19:26  Drone  
  136  19:34  Spore Crawler  
  136  19:35  Spine Crawler  
  134  19:43  Corruptor  
  136  19:46  Hatchery  
  135  20:01  Corruptor x3  
  135  20:02  Zergling x2, Drone  
  106  20:25  Zergling x6  
  53  21:22  Drone  
  53  21:23  Drone x10  
Tags
 
Add a new tag
Caveats
  • Supply blocks, unpowered buildings, or Contaminate may cause inaccurate times.
  • Supply counts are checked every 10 seconds.